 Dungeon Crawl Stone Soup version 0.21-a0-529-g8c7b3f5 (webtiles) character file.

112 Gerstahl the Skirmisher (level 4, 0/45 HPs)
             Began as a Gargoyle Monk on Dec 9, 2017.
             Killed from afar by Sigmund (3 damage)
             ... with a puff of flame
             ... on level 2 of the Dungeon.
             The game lasted 00:03:34 (1418 turns).

Gerstahl the Skirmisher (Gargoyle Monk)             Turns: 1418, Time: 00:03:35

Health: 0/45       AC:  9    Str: 18 (19) XL:     4   Next: 93%
Magic:  4/4        EV: 12    Int:  9 (11) God:
Gold:   68         SH:  0    Dex: 11 (13) Spells: 3/3 levels left

rFire    . . .     SeeInvis .   a - +0 falchion
rCold    . . .     Gourm    .   (no shield)
rNeg     + . .     Faith    .   j - +0 leather armour
rPois    ∞         Spirit   .   k - +1 hat
rElec    +         Reflect  .   n - scarf {cloud immunity}
rCorr    .         Harm     .   (no gloves)
MR       .....                  o - +0 pair of boots
Stlth    ..........             (no amulet)
HPRegen  0.15/turn              (no ring)
MPRegen  0.09/turn              (no ring)

@: berserking, hasted, very quick
A: negative energy resistance 1, electricity resistance, unbreathing,
petrification resistance, rot immunity, AC +3
a: no special abilities


You were on level 2 of the Dungeon.
You were hungry.

You visited 1 branch of the dungeon, and saw 2 of its levels.

You collected 68 gold pieces.

Inventory:

Hand Weapons
 a - a +0 falchion (weapon)
Armour
 b - a +0 robe
 j - a +0 leather armour (worn)
 k - a +1 hat (worn)
 n - a scarf of cloud immunity (worn)
 o - a +0 pair of boots (worn)
Jewellery
 r - an uncursed ring of fire {unknown}
Scrolls
 d - 2 scrolls of remove curse {unknown}
 f - a scroll of enchant armour {unknown}
 s - 2 scrolls of teleportation {unknown}
 t - a scroll of noise {unknown}
Potions
 g - a potion of degeneration
 h - a potion of haste
 l - a potion of ambrosia {unknown}
 p - a potion of agility {unknown}
Comestibles
 c - 4 bread rations
 q - 2 fruits


   Skills:
 + Level 4.3 Fighting
 + Level 3.6 Long Blades
 + Level 2.5 Armour
 - Level 2.4 Dodging
 - Level 2.1 Stealth


You had 3 spell levels left.
You didn't know any spells.

Dungeon Overview and Level Annotations

Branches:
Dungeon (2/15)

Altars:
Qazlal
Vehumet

Annotations:
D:2 Sigmund


Innate Abilities, Weirdness & Mutations

You are resistant to torment.
Your stone body is resilient. (AC +3)
You are immune to poison.
You resist negative energy. (rN+)
You are resistant to electric shocks. (rElec)
You can survive without breathing.
You are immune to petrification.
You are immune to rotting.


Message History

You miss something. You slash something! You hit something but do no damage.
Something hits you!
You hit something. Something hits you but does no damage.
You miss something. You miss something. You miss something. Something hits you.
You barely miss something. You closely miss something. Something hits you!
* * * LOW HITPOINT WARNING * * *
x2 You closely miss something.
You hit something. Something hits you but does no damage.
It was a potion of berserk rage.
A red film seems to cover your vision as you go berserk!
You feel yourself moving faster!
You feel mighty!
You closely miss something.
You hear some strange, mumbled words.
A puff of flame appears from out of thin air!
The puff of flame hits you!
You die...

#.#.#####'##....... #.
#.#.#......#....... #.
#.#.#......#....... ##
#.#.#......#.....#
#.#.#......#.....#
#.#.#......#.....##
#.#.#.....)........
#.#....{....############
##.#####@#.#)...........#
#.......<..#######......#
############.............
...#####......# #.######
...# # ##### # # #


There were no monsters in sight!

Vanquished Creatures
  Terence (D:2)
  5 adders (D:2)
  A worm (D:2)
  A leopard gecko (D:2)
  3 bats
  3 giant cockroaches (D:1)
  6 goblins
  5 hobgoblins
  6 frilled lizards
  5 kobolds
  A rat (D:2)
37 creatures vanquished.

Notes
Turn   | Place    | Note
-------+----------+-------------------------------------------
     0 | D:1      | Gerstahl the Gargoyle Monk began the quest for the Orb.
     0 | D:1      | Reached XP level 1. HP: 14/14 MP: 1/1
    96 | D:1      | Reached XP level 2. HP: 18/19 MP: 2/2
   130 | D:1      | Reached skill level 1 in Armour
   711 | D:2      | Reached XP level 3. HP: 20/24 MP: 3/3
   891 | D:2      | Found a radiant altar of Vehumet.
   892 | D:2      | Found a stormy altar of Qazlal.
   894 | D:2      | Noticed Terence
   931 | D:2      | Killed Terence
   931 | D:2      | Reached skill level 4 in Fighting
   931 | D:2      | Reached XP level 4. HP: 11/29 MP: 4/4
  1384 | D:2      | Noticed Sigmund
  1418 | D:2      | Killed from afar by Sigmund

Vault maps used:
D:1:      dpeg_arrival_tiny_d
D:2:      grunt_temple_overflow_open, first_bread, fedhas_altar_4, uniq_sigmund,
          uniq_terence

Skill      XL: |  1  2  3 |
---------------+----------+-----
Armour         | 1 2 |  2.5
Long Blades    | 3 |  3.6
Fighting       | 4 |  4.3
Dodging        | |  2.4
Stealth        | |  2.1

Action                   |  1- 3 |  4- 6 || total
-------------------------+-------+-------++-------
Melee: Falchion          |    93 |    60 ||   153
  Use: Potion            |       |     5 ||     5
 Stab: Sleeping          |     3 |     1 ||     4
  Eat: Chunk             |       |     1 ||     1
Armor: Robe              |    10 |       ||    10
       Leather armour    |    17 |    19 ||    36
Dodge: Dodged            |    56 |    26 ||    82
       Rpst.: Falchion   |    17 |    11 ||    28

Table legend:
 A = Spawn XP
 B = Non-spawn XP
 C = Spawn XP percentage of total XP
 D = Spawn monster count
 E = Non-spawn monster count
 F = Spawn count percentage of total count
 G = Total turns spent on level
                    A         B        C        D         E        F      G
               +---------+---------+-------+---------+---------+-------+---------
         Total |       0 |     160 |   0.0 |       0 |      37 |   0.0 |  1418
               +---------+---------+-------+---------+---------+-------+---------
           D:1 |       0 |      27 |   0.0 |       0 |      15 |   0.0 |   697
           D:2 |       0 |     133 |   0.0 |       0 |      22 |   0.0 |   721
               +---------+---------+-------+---------+---------+-------+---------
